 Dungeon Crawl Stone Soup version 0.31.0-32-g396128a36d (webtiles) character file.

Game seed: 18136248337706290383

44 JAYMINE the Grasshopper (level 3, -4/31 HPs)
             Began as a Gnoll Warper on Apr 13, 2024.
             Slain by Robin
             ... wielding a +2 whip of electrocution
              (21 damage)
             ... on level 3 of the Dungeon.
             The game lasted 00:40:32 (2184 turns).

JAYMINE the Grasshopper (Gnoll Warper)              Turns: 2184, Time: 00:40:37

Health: -4/31      AC:  9    Str: 12    XL:     3   Next: 60%
Magic:  18/18      EV: 13    Int: 12    God:
Gold:   79         SH:  0    Dex: 11    Spells: 12/12 levels left

rFire   . . .        q - +0 mace (protect)
rCold   . . .        (no shield)
rNeg    + . .        d - +0 robe "Piropri" {Harm rPois rN+ Will-}
rPois   +            (no helmet)
rElec   .            (no cloak)
rCorr   .            (no gloves)
SInv    +            (no boots)
Will    .....        b - amulet of regeneration
Stlth   +            m - ring of see invisible
HPRegen 1.05/turn    o - ring of magical power
MPRegen 0.16/turn

%: harm (+30% outgoing, +20% incoming)
@: under a protective aura
A: fangs 1, strong nose, distributed training
a: no special abilities


You were on level 3 of the Dungeon.
You visited 1 branch of the dungeon, and saw 3 of its levels.

You collected 79 gold pieces.

Inventory:

Hand Weapons
 h - a +0 sling
 k - a +2 dagger of speed
 q - a +0 mace of protection (weapon)
Missiles
 p - 3 curare-tipped darts
Armour
 d - the +0 robe "Piropri" (worn) {Harm rPois rN+ Will-}
   (You found it on level 2 of the Dungeon)

   rPois:     It protects you from poison rN+: It protects you from negative
   energy.
   Will-:     It decreases your willpower.
   Harm:      It increases damage dealt and taken.
Jewellery
 b - an amulet of regeneration (around neck)
 m - a ring of see invisible (left hand)
 o - a ring of magical power (right hand)
Scrolls
 c - a scroll of blinking
 g - 3 scrolls of identify {unknown}
 i - a scroll of revelation {unknown}
 l - a scroll of teleportation {unknown}
Potions
 e - 2 potions of curing {unknown}
 f - a potion of invisibility {unknown}
 j - a potion of mutation {unknown}
 n - a potion of degeneration {unknown}


   Skills:
 + Level 4.5 Fighting
 + Level 4.5 Short Blades
 + Level 0.9 Long Blades
 + Level 0.9 Axes
 + Level 0.9 Maces & Flails
 + Level 0.9 Polearms
 + Level 0.9 Staves
 + Level 0.9 Ranged Weapons
 + Level 2.6 Throwing
 + Level 2.6 Armour
 + Level 4.5 Dodging
 + Level 0.9 Stealth
 + Level 0.9 Shields
 + Level 0.9 Unarmed Combat
 + Level 5.0 Spellcasting
 + Level 0.6 Conjurations
 + Level 0.6 Hexes
 + Level 0.6 Summonings
 + Level 0.6 Necromancy
 + Level 5.4 Translocations
 + Level 0.6 Fire Magic
 + Level 0.6 Ice Magic
 + Level 0.6 Air Magic
 + Level 0.6 Earth Magic
 + Level 0.6 Alchemy
 + Level 1.0 Invocations
 + Level 0.9 Evocations
 + Level 0.7 Shapeshifting


You had 12 spell levels left.
You didn't know any spells.
Your spell library contained the following spells:

 Spells                   Type           Power      Damage    Failure   Level
 Apportation              Tloc           32%        N/A       2%          1
 Blink                    Tloc           32%        N/A       3%          2
 Lesser Beckoning         Tloc           32%        N/A       3%          2
 Teleport Other           Tloc           16%        N/A       6%          3
 Manifold Assault         Tloc           16%        N/A       22%         4
 Cigotuvi's Dreadful Rot  Necr/Alch/Air  8%         N/A       24%         2
 Static Discharge         Conj/Air       8%         3-4/arc   24%         2
 Tukima's Dance           Hex            4%         N/A       43%         3
 Dimensional Bullseye     Hex/Tloc       5%         N/A       50%         4
 Iskenderun's Mystic Bla  Conj/Tloc      10%        2d4       50%         4
 Vhi's Electric Charge    Tloc/Air       20%        N/A       50%         4
 Animate Dead             Necr           4%         N/A       83%         4
 Dispel Undead            Necr           4%         3d7       83%         4
 Martyr's Knell           Necr/Summ      4%         N/A       83%         4
 Arcjolt                  Conj/Air       2%         1d12      99%         5
 Borgnjor's Vile Clutch   Necr/Erth      2%         N/A       99%         5
 Silence                  Hex/Air        2%         N/A       99%         5
 Death Channel            Necr           2%         N/A       100%        6
 Plasma Beam              Fire/Air       2%         2x1d12    100%        6
 Malign Gateway           Summ/Tloc      5%         N/A       100%        7


Dungeon Overview and Level Annotations

Branches:
Dungeon (3/15)

Altars:

Shops:
D:2 *=[*

Annotations:
D:3 Robin


Innate Abilities, Weirdness & Mutations

You have very sharp teeth.
Your uncanny sense of smell can sniff out nearby items.
Your experience applies equally to all skills.


Message History

You closely miss the goblin.
The goblin is heavily wounded.
The goblin hits you but does no damage. The hobgoblin closely misses you.
Robin roars a battlecry!
The goblins go into a battle-frenzy!
You closely miss the goblin. Your bite misses the goblin.
The goblin is heavily wounded.
The goblin barely misses you. The hobgoblin closely misses you.
You hit the goblin but do no damage.
Your weapon exudes an aura of protection.
The goblin is heavily wounded.
The goblin hits you but does no damage. The hobgoblin completely misses you.
The goblin barely misses you.
The hobgoblin hits you but does no damage.
You hit the goblin.
You kill the goblin!
The hobgoblin barely misses you.
Items here: $ ))) ††.
The hobgoblin attacks as it pursues you!
The hobgoblin misses you.
You hit the hobgoblin.
The hobgoblin is severely wounded.
The hobgoblin hits you but does no damage.
You hit the hobgoblin but do no damage.
The hobgoblin is severely wounded.
The hobgoblin hits you. Robin hits you but does no damage.
Robin hits you with a +2 whip of electrocution.
You are electrocuted!
Ouch! That really hurt!
You hit Robin. Your bite misses Robin.
Robin is lightly wounded.
Robin misses you. Robin attacks as they pursue you! Robin barely misses you.
You barely miss Robin.
Robin is lightly wounded.
Robin hits you with a +2 whip of electrocution.
You are electrocuted!!
Ouch! That really hurt!
You die...
Robin lets out a smug laugh.

#.##....).........#
#.#######.........#
#.# #.........# #.#
#.........# #)#
#.........# #.#
#.........# #.#
#.........#
#$#######.........#
#ggg@......########
############


You could see Robin and 2 hobgoblins.

Vanquished Creatures
  4 bats
  3 endoplasms
  A giant cockroach (D:1)
  9 goblins
  6 hobgoblins
  A quokka (D:2)
  6 ball pythons
  3 frilled lizards
  4 kobolds
  2 rats
39 creatures vanquished.

Notes
Turn   | Place    | Note
-------+----------+-------------------------------------------
     0 | D:1      | JAYMINE the Gnoll Warper began the quest for the Orb.
     0 | D:1      | Reached XP level 1. HP: 20/20 MP: 6/6
   638 | D:1      | Reached XP level 2. HP: 26/26 MP: 7/7
  1078 | D:1      | Got the Encyclopedia of the Stormy Blink Frog
  1407 | D:2      | Found Temicsergh's General Store.
  1501 | D:2      | Reached skill level 5 in Spellcasting
  1501 | D:2      | Reached XP level 3. HP: 26/31 MP: 7/9
  1625 | D:2      | Found Diaj Ede's Jewellery Boutique.
  1706 | D:2      | Found Citiff's General Store.
  1810 | D:2      | Found Edikunub's Antique Armour Shoppe.
  1844 | D:2      | Identified the +0 robe "Piropri" {Harm rPois rN+ Will-}
  2005 | D:3      | Reached skill level 1 in Invocations
  2121 | D:3      | Noticed Robin
  2184 | D:3      | Slain by Robin

Illustrated notes

Levels and vault maps discovered:
D:1:      lemuel_arrival_muddy, layout_basic
D:2:      layout_basic, serial_shops, shop, nicolae_shop_getting_attention,
          nicolae_shop_temple_entry_statues_fountains, nicolae_shop_gaudy_bauble
D:3:      layout_basic, minmay_gold_behind_fungi, uniq_sigmund, uniq_robin,
          uniq_ijyb

Skill      XL: |  1  2  3 |
---------------+----------+-----
Spellcasting   | 5 |  5.0
Invocations    | 1 |  1.0
Fighting       | |  4.5
Short Blades   | |  4.5
Long Blades    | |  0.9
Axes           | |  0.9
Maces & Flails | |  0.9
Polearms       | |  0.9
Staves         | |  0.9
Ranged Weapons | |  0.9
Throwing       | |  2.6
Armour         | |  2.6
Dodging        | |  4.5
Stealth        | |  0.9
Shields        | |  0.9
Unarmed Combat | |  0.9
Conjurations   | |  0.6
Hexes          | |  0.6
Summonings     | |  0.6
Necromancy     | |  0.6
Translocations | |  5.4
Fire Magic     | |  0.6
Ice Magic      | |  0.6
Air Magic      | |  0.6
Earth Magic    | |  0.6
Alchemy        | |  0.6
Evocations     | |  0.9
Shapeshifting  | |  0.7

Action                     || total
---------------------------++-------
  Melee: Short sword       ||    77
         Bite              ||     8
         Mace              ||    61
   Fire: Sling             ||    45
  Throw: Dart              ||     7
    Use: Scroll            ||     1
 Armour: Leather armour    ||    90
         Robe              ||    85
  Dodge: Dodged            ||   232
